 Dungeon Crawl Stone Soup version 0.26-a0-1107-g6118521029 (webtiles) character file.

Game seed: 12023040678039594963

38 Dracia the Slasher (level 3, -3/29 HPs)
             Began as a Demonspawn Chaos Knight on Dec 16, 2020.
             Was a Plaything of Xom.
             Slain by Sigmund
             ... wielding a +7 vorpal scythe
              (4 damage)
             ... on level 2 of the Dungeon.
             The game lasted 00:01:43 (911 turns).

Dracia the Slasher (Demonspawn Chaos Knight)         Turns: 911, Time: 00:01:44

Health: -3/29      AC: 11    Str: 13    XL:     3   Next: 25%
Magic:  3/3        EV:  6    Int: 13    God:    Xom [..*...]
Gold:   62         SH:  0    Dex: 12    Spells: 2/2 levels left

rFire    . . .     SeeInvis .   a - +0 falchion (chaos)
rCold    . . .     Faith    .   (no shield)
rNeg     . . .     Spirit   .   i - +0 chain mail
rPois    .         Reflect  .   d - +2 hat
rElec    .         Harm     .   (no cloak)
rCorr    .         Rampage  .   (no gloves)
Will     .....                  (no boots)
Stlth    ..........             (no amulet)
HPRegen  0.09/turn              (no ring)
MPRegen  0.08/turn              (no ring)

@: mighty
A: horns 1, sharp scales 1
a: Renounce Religion


You were on level 2 of the Dungeon.
You worshipped Xom.
You were a toy of Xom.
You visited 1 branch of the dungeon, and saw 2 of its levels.

You collected 62 gold pieces.


Innate Abilities, Weirdness & Mutations

You have a pair of small horns on your head.
You are partially covered in razor-sharp scales. (AC +1, Slay +1)


   Skills:
 - Level 3.0 Fighting
 + Level 4.0 Long Blades
 - Level 1.7 Armour
 - Level 0.8 Dodging


You had 2 spell levels left.
You didn't know any spells.
Your spell library was empty.

Inventory:

Hand Weapons
 a - a +0 falchion of chaos (weapon)
Missiles
 n - a throwing net {=f=f}
Armour
 b - a +2 leather armour
 d - a +2 hat (worn)
 e - a cursed +0 helmet
 i - a +0 chain mail (worn)
Wands
 o - a wand of acid (8)
Scrolls
 f - a scroll of fear
 h - 2 scrolls of identify {@r1@r1}
 k - a scroll of magic mapping {unknown}
 m - a scroll of amnesia {unknown}
Potions
 c - a potion of curing {@q1@q1}
 g - a potion of brilliance {unknown}
 j - a potion of berserk rage {unknown}

Dungeon Overview and Level Annotations

Branches:
Dungeon (2/15)

Altars:

Annotations:
D:2 Sigmund, Terence

###. ......
###.####...###.#...
#.... .......#.#...
..... #....#..#.. ...
#....#....# ..<
#......##.. #K#
#....###### #{#
####....# ###.
##@###<......###...
##.##......##....##..##
#.>.....###########.###
#..##.....# #...>. .
###...# #..#.. ##...
....#... #..#.
.......... #.....
######.... ...#...
#....


You could see a kobold.


Message History

* * * LOW HITPOINT WARNING * * *
You closely miss Sigmund. You headbutt Sigmund.
Sigmund is lightly wounded.
Sigmund hits you with a +7 vorpal scythe.
* * * LOW HITPOINT WARNING * * *
x2 You barely miss Sigmund.
Sigmund is lightly wounded.
A kobold comes into view. It is wielding a +0 whip.
Sigmund gestures at you while chanting. You resist with significant effort.
Unknown command.
It was a potion of might.
You feel very mighty all of a sudden. Sigmund hits you but does no damage.
Unknown command.
It was a potion of curing.
You feel better.
You slash Sigmund! You freeze Sigmund. You headbutt Sigmund!
Sigmund is almost dead.
Sigmund casts a spell at you. The magic dart hits you.
* * * LOW HITPOINT WARNING * * *
You barely miss Sigmund. Your headbutt misses Sigmund.
Sigmund is almost dead.
Sigmund mumbles some strange words.
Sigmund flickers and vanishes!
Deactivating autopickup; reactivate with Ctrl-A.
You closely miss something. Something hits you but does no damage.
You barely miss something. Something hits you!
* * * LOW HITPOINT WARNING * * *
You die...

Skill      XL: |  1  2  3 |
---------------+----------+-----
Long Blades    | 3 4 |  4.0
Fighting       | |  3.0
Armour         | |  1.7
Dodging        | |  0.8

Action                   || total
-------------------------++-------
Melee: Falchion          ||    80
       Headbutt          ||    14
  Use: Scroll            ||     1
       Potion            ||     2
Armor: Leather armour    ||     4
       Chain mail        ||    32
Dodge: Dodged            ||    27
       Rpst.: Falchion   ||     6

Levels and vault maps discovered:
D:1:      eino_arrival_water_star, layout_basic
D:2:      layout_rooms, uniq_terence, uniq_sigmund

Notes
Turn   | Place    | Note
-------+----------+-------------------------------------------
     0 | D:1      | Dracia the Demonspawn Chaos Knight began the quest for the
                  | Orb.
     0 | D:1      | Reached XP level 1. HP: 18/18 MP: 1/1
   102 | D:1      | Reached skill level 3 in Long Blades
   126 | D:1      | Gained mutation: You have a pair of small horns on your
                  | head. [demonic ancestry]
   126 | D:1      | Reached XP level 2. HP: 24/24 MP: 2/2
   375 | D:1      | XOM: silly message
   680 | D:1      | Gained mutation: You are partially covered in razor-sharp
                  | scales. (AC +1, Slay +1) [demonic ancestry]
   680 | D:1      | Reached XP level 3. HP: 21/29 MP: 3/3
   845 | D:2      | Reached skill level 4 in Long Blades
   854 | D:2      | Noticed Terence
   900 | D:2      | Noticed Sigmund
   911 | D:2      | HP: 1/29 [something (12)]
   911 | D:2      | Slain by Sigmund

Vanquished Creatures
  A worm (D:2)
  A dart slug (D:1)
  4 leopard geckos (D:1)
  A giant cockroach (D:1)
  4 hobgoblins (D:1)
  A kobold (D:1)
  6 bats (D:1)
  3 frilled lizards
  3 goblins (D:1)
  7 rats
31 creatures vanquished.

Table legend: (Time is in decaauts)
 A = Elapsed time spent in this place.
 B = Non-inter-level travel time spent in this place.
 C = Inter-level travel time spent in this place.
 D = Time resting spent in this place.
 E = Time spent auto-exploring this place.
 F = Levels seen in this place.
 G = Mean time per level.
                   A        B        C        D        E       F      G
               +--------+--------+--------+--------+--------+-----+--------+
         Total |    920 |    894 |     26 |      0 |    686 |   2 |  460.0 |
       Dungeon |    920 |    894 |     26 |      0 |    686 |   2 |  460.0 |
               +--------+--------+--------+--------+--------+-----+--------+

Top non-repeatable levels by time:
     D:1: 824 daAuts
     D:2: 96 daAuts

Table legend:
 A = Non-vault XP
 B = Vault XP
 C = Vault XP percentage of total XP
 D = Non-vault monster count
 E = Vault monster count
 F = Vault count percentage of total count
                 A         B        C        D         E       F
            +---------+---------+-------+---------+---------+-------
      Total |      55 |       0 |   0.0 |      31 |       0 |   0.0
            +---------+---------+-------+---------+---------+-------
        D:1 |      46 |       0 |   0.0 |      26 |       0 |   0.0
        D:2 |       9 |       0 |   0.0 |       5 |       0 |   0.0
            +---------+---------+-------+---------+---------+-------
